 Dungeon Crawl Stone Soup version 0.24-a0-378-g94936e539c (webtiles) character file.

653833 graymark the End of an Era (level 27, -10/156 HPs)
             Began as a Demonspawn Gladiator on Aug 2, 2018.
             Was the Champion of Qazlal.
             Mangled by a reaper
             ... wielding a +1 scythe of flaming
              (28 damage)
             ... in Pandemonium on June 1, 2019.
             The game lasted 07:40:47 (72439 turns).

graymark the End of an Era (Demonspawn Gladiator)  Turns: 72439, Time: 07:40:49

Health: -10/156    AC: 23    Str: 29    XL:     27
Magic:  21/21      EV: 24    Int:  9    God:    Qazlal [******]
Gold:   1903       SH: 16    Dex: 21    Spells: 25/26 levels left

rFire    + + .     SeeInvis +   S - +4 broad axe (drain)
rCold    + + +     Gourm    .   T - +0 buckler "Niefucup" {Str+4}
rNeg     + + +     Faith    .   X - +3 gold dragon scales
rPois    +         Spirit   .   B - +0 mask of the Dragon {MR+ Slay+3 SInv}
rElec    .         Reflect  .   v - scarf {rC+ rF+}
rCorr    +         Harm     .   a - +0 pair of gloves of Sunlight {rCorr Dex+4}
MR       ++++.     Rnd*Rage +   (boots unavailable)
Stlth    ..........             i - amulet of Xom's Entertainment {+Rage Dex+3}
HPRegen  0.00/turn              Q - ring of Unasisso {rPois rN+ MR+ Dex+3}
MPRegen  0.17/turn              Y - ring "Jellauquo" {rN+++ MP-9 Str+3 Dex-2}

@: berserk cooldown, slowed, repel missiles, very slow
A: talons 3, repulsion field 3, berserk 1, blurry vision 2, clumsy 2, cold
resistance 1, deformed body, demonic guardian 3, deterioration 2, dopey 2, frail
3, icemail, low mp 2, screaming 1, inhibited regeneration, wild magic 1,
augmentation 3, freezing cloud immunity
}: 4/15 runes: serpentine, barnacled, silver, glowing
a: Upheaval, Elemental Force, Disaster Area, Renounce Religion, Evoke Berserk
Rage


You were in Pandemonium.
You worshipped Qazlal.
Qazlal was exalted by your worship.
You were not hungry.

You visited 10 branches of the dungeon, and saw 47 of its levels.
You visited Pandemonium 1 time, and saw 4 of its levels.
You also visited: Ossuary and Ice Cave.

You collected 5802 gold pieces.
You spent 3899 gold pieces at shops.

Inventory:

Hand Weapons
 h - a +2 broad axe of venom
 j - a +5 broad axe of flaming
 t - the +6 flail of Uskayaw's Supremacy {crush, Int+3}
   (You took it off a necromancer on level 1 of the Crypt)

   It inflicts extra damage upon your enemies.
   It affects your intelligence (+3).
 M - the +6 war axe of Grandeur {protect, Stlth+}
   (You took it off a deep elf knight on level 3 of the Elven Halls)

   It grants its wielder temporary protection when it strikes (+7 to AC).
   It makes you more stealthy.
 S - a +4 broad axe of draining (weapon)
Armour
 a - the +0 pair of gloves of Sunlight (worn) {rCorr Dex+4}
   (You found it in an ice cave)

   It affects your dexterity (+4).
   It provides partial protection from all sources of acid and corrosion.
 v - a scarf of resistance (worn)
 w - the +0 ring mail "Earthly Heaven" {rElec Str+4 Int+4}
   (You bought it in a shop on level 1 of the Snake Pit)

   It affects your strength (+4).
   It affects your intelligence (+4).
   It insulates you from electricity.
 B - the +0 mask of the Dragon (worn) {MR+ Slay+3 SInv}
   (You bought it in a shop on level 1 of the Snake Pit)

   It affects your accuracy and damage with ranged weapons and melee attacks
   (+3).
   It affects your resistance to hostile enchantments.
   It lets you see invisible.
 I - a +2 crystal plate armour
 P - a +1 plate armour of fire resistance
 T - the +0 buckler "Niefucup" (worn) {Str+4}
   (You bought it in a shop on level 1 of the Snake Pit)

   It affects your strength (+4).
 X - +3 gold dragon scales (worn)
Jewellery
 i - the amulet of Xom's Entertainment (around neck) {+Rage Dex+3}
   (You took it off a deep elf high priest on level 3 of the Elven Halls)

   [amulet of rage]

   It affects your dexterity (+3).
   It lets you go berserk.
 r - an uncursed ring of protection from fire
 C - a +6 ring of slaying
 K - an uncursed ring of protection from magic
 Q - the ring of Unasisso (left hand) {rPois rN+ MR+ Dex+3}
   (You took it off a deep elf death mage on level 3 of the Elven Halls)

   [ring of poison resistance]

   It affects your dexterity (+3).
   It protects you from poison.
   It protects you from negative energy.
   It affects your resistance to hostile enchantments.
 Y - the ring "Jellauquo" (right hand) {rN+++ MP-9 Str+3 Dex-2}
   (You found it on level 2 of the Lair of Beasts)

   [ring of strength]

   It affects your strength (+3).
   It affects your dexterity (-2).
   It renders you almost immune to negative energy.
   It affects your magic capacity (-9).
Wands
 d - a wand of digging (16)
 g - a wand of iceblast (55)
 o - a wand of clouds (3)
 u - a wand of disintegration (13)
 L - a wand of acid (37)
Scrolls
 b - 5 scrolls of fog
 c - 11 scrolls of amnesia
 l - 7 scrolls of fear
 p - 20 scrolls of remove curse
 y - 2 scrolls of blinking
 z - 14 scrolls of teleportation
 J - 6 scrolls of immolation
 O - 11 scrolls of identify
 R - 2 scrolls of enchant weapon
 U - 2 scrolls of summoning
 V - a scroll of magic mapping
 Z - 2 scrolls of vulnerability
Potions
 e - 5 potions of magic
 k - 6 potions of heal wounds
 m - 8 potions of brilliance
 n - 6 potions of agility
 q - 2 potions of ambrosia
 s - 9 potions of flight
 x - 10 potions of curing
 A - 5 potions of invisibility
 D - 5 potions of resistance
 E - 2 potions of cancellation
 F - 6 potions of might
 G - a potion of berserk rage
 H - 6 potions of haste
Miscellaneous
 W - 3 phantom mirrors
Comestibles
 f - 64 rations (quivered)


   Skills:
 + Level 19.6 Fighting
 + Level 19.2 Axes
 - Level 1.7 Throwing
 + Level 23.1 Armour
 - Level 19.0 Dodging
 + Level 11.0 Shields
 + Level 23.2 Invocations


You had 25 spell levels left.
You knew the following spells:

 Your Spells              Type           Power        Failure   Level  Hunger
a - Summon Butterflies    Summ           #.......     98%         1    ##.....

Your spell library contained the following spells:

 Spells                   Type           Power        Failure   Level  Hunger
 Apportation              Tloc           #.....       98%         1    ##.....
 Confusing Touch          Hex            #.....       98%         1    ##.....
 Corona                   Hex            #......      98%         1    ##.....
 Flame Tongue             Conj/Fire      #....        98%         1    ##.....
 Freeze                   Ice            #...         98%         1    ##.....
 Pain                     Necr           #...         98%         1    ##.....
 Summon Small Mammal      Summ           #...         98%         1    ##.....
 Blink                    Tloc           N/A          99%         2    ###....
 Call Imp                 Summ           #.......     99%         2    ###....
 Corpse Rot               Necr           N/A          99%         2    ###....
 Ensorcelled Hibernation  Hex/Ice        #.....       99%         2    ###....
 Passwall                 Tmut/Erth      #.......     99%         2    ###....
 Shroud of Golubria       Chrm/Tloc      #.........   99%         2    ###....
 Slow                     Hex            #.......     99%         2    ###....
 Sublimation of Blood     Necr           #.........   99%         2    ###....
 Swiftness                Chrm/Air       #.......     99%         2    ###....
 Throw Flame              Conj/Fire      #.....       99%         2    ###....
 Throw Frost              Conj/Ice       #.....       99%         2    ###....
 Call Canine Familiar     Summ           #.......     100%        3    ####...
 Confuse                  Hex            #.......     100%        3    ####...
 Conjure Flame            Conj/Fire      #.......     100%        3    ####...
 Dazzling Spray           Conj/Hex       #.....       100%        3    ####...
 Gell's Gravitas          Tloc           #.........   100%        3    ####...
 Ignite Poison            Fire/Tmut/Pois #.......     100%        3    ####...
 Inner Flame              Hex/Fire       #.......     100%        3    ####...
 Lesser Beckoning         Tloc           #.........   100%        3    ####...
 Ozocubu's Armour         Chrm/Ice       #.......     100%        3    ####...
 Portal Projectile        Hex/Tloc       #.....       100%        3    ####...
 Recall                   Summ/Tloc      N/A          100%        3    ####...
 Summon Guardian Golem    Hex/Summ       #.......     100%        3    ####...
 Teleport Other           Tloc           #.......     100%        3    ####...
 Tukima's Dance           Hex            #.......     100%        3    ####...
 Animate Dead             Necr           N/A          100%        4    #####..
 Cause Fear               Hex            #.........   100%        4    #####..
 Ice Form                 Ice/Tmut       #.......     100%        4    #####..
 Leda's Liquefaction      Hex/Erth       #.........   100%        4    #####..
 Passage of Golubria      Tloc           N/A          100%        4    #####..
 Petrify                  Tmut/Erth      #.......     100%        4    #####..
 Sticky Flame             Conj/Fire      #.......     100%        4    #####..
 Summon Ice Beast         Ice/Summ       #.......     100%        4    #####..
 Summon Lightning Spire   Summ/Air       #.......     100%        4    #####..
 Throw Icicle             Conj/Ice       #.......     100%        4    #####..
 Agony                    Necr           #.......     100%        5    ######.
 Alistair's Intoxication  Tmut/Pois      #.......     100%        5    ######.
 Bolt of Draining         Conj/Necr      #.........   100%        5    ######.
 Bolt of Magma            Conj/Fire/Erth #.........   100%        5    ######.
 Borgnjor's Vile Clutch   Necr/Erth      #.........   100%        5    ######.
 Dispel Undead            Necr           #.......     100%        5    ######.
 Excruciating Wounds      Chrm/Necr      #.........   100%        5    ######.
 Fireball                 Conj/Fire      #.........   100%        5    ######.
 Lee's Rapid Deconstruct  Erth           #.........   100%        5    ######.
 Metabolic Englaciation   Hex/Ice        #.........   100%        5    ######.
 Silence                  Hex/Air        #.........   100%        5    ######.
 Summon Mana Viper        Hex/Summ       #.......     100%        5    ######.
 Yara's Violent Unravell  Hex/Tmut       #.........   100%        5    ######.
 Bolt of Cold             Conj/Ice       #.........   100%        6    #######
 Bolt of Fire             Conj/Fire      #.........   100%        6    #######
 Darkness                 Hex            #.........   100%        6    #######
 Death Channel            Necr           #.........   100%        6    #######
 Deflect Missiles         Chrm/Air       #.........   100%        6    #######
 Freezing Cloud           Conj/Ice/Air   #.........   100%        6    #######
 Invisibility             Hex            #.......     100%        6    #######
 Iron Shot                Conj/Erth      #.........   100%        6    #######
 Ozocubu's Refrigeration  Ice            #.........   100%        6    #######
 Simulacrum               Ice/Necr       #.........   100%        6    #######
 Statue Form              Tmut/Erth      #........    100%        6    #######
 Summon Hydra             Summ           #.........   100%        7    #######
 Controlled Blink         Tloc           N/A          100%        8    #######
 Discord                  Hex            #.........   100%        8    #######
 Shatter                  Erth           #.........   100%        9    #######


Dungeon Overview and Level Annotations

Branches:
Dungeon (15/15)            Temple (0/1) D:4            Lair (6/6) D:11
 Shoals (4/4) Lair:3        Snake (4/4) Lair:2        Slime (0/5) Lair:6
    Orc (2/2) D:12            Elf (3/3) Orc:2        Vaults (5/5) D:14
  Crypt (2/3) Vaults:2     Depths (5/5) D:15           Hell (1/1)
    Dis (0/7) Hell            Geh (0/7) Hell            Coc (0/7) Hell
    Tar (0/7) Hell            Zot (0/5) Depths:5

Altars:
Cheibriados
Fedhas
Gozag
Hepliaklqana
Kikubaaqudgha
Makhleb
Nemelex Xobeh
Qazlal
Sif Muna
Trog
Wu Jian
Xom
Yredelemnul
Zin

Shops:
D:14 }   Orc:1 }   Orc:2 !?:[   Shoals:2 =   Shoals:4 [   Snake:1 [*==}=%**:
Vaults:2 }   Vaults:5 !   Depths:5 [}

Portals:
Hell: Depths:1 Depths:2 Depths:3 Depths:4 Depths:5
Abyss: Depths:3 Depths:4
Pandemonium: Orc:2 Depths:3
Ziggurat: Depths:5

Annotations:
D:1 exclusion: downstairs
D:10 exclusion: 2 downstairs
D:11 1 runed door, exclusion: door, Kuinu's ghost, journeyman DrBe
Lair:5 exclusion: 2 downstairs
Elf:1 3 runed doors, Kikofin's ghost, journeyman GnCK; Kutucsuir's ghost, veteran MiBe; Tuomeani's ghost, veteran MiBe; Zeury's ghost, veteran MiBe
Elf:2 3 runed doors
Elf:3 1 runed door, Utuikhli's ghost, adept MiFi
Crypt:1 exclusion: downstairs
Crypt:2 MENNAS, Mennas
Depths:1 1 exclusion
Pan exclusion: 2 ice statues


Innate Abilities, Weirdness & Mutations

You have claws for feet.
You are surrounded by a strong repulsion field. (EV +4, RMsl)
Your flesh is cold resistant. (rC+)
A powerful demonic guardian rushes to your aid.
A meltable icy envelope protects you from harm. (AC +0)
Your magical and physical power is greatly enhanced at high health.
You are immune to freezing clouds.
You tend to lose your temper in combat.
Scrolls take you longer to read.
You are very clumsy. (Dex -4)
Armour fits poorly on your strangely shaped body.
Your body often deteriorates upon taking damage.
You are very dopey. (Int -4)
You are extremely frail. (-30% HP)
Your magical capacity is very low. (-20% MP)
You occasionally shout uncontrollably at your foes.
You do not regenerate when monsters are visible.
Your spells are a little harder to cast, but a little more powerful.


Message History

You start resting.
Something growls, "Go and return not whilst thy luck holds!"
You hear a shout!
A reaper comes into view.
It is wielding a +2 scythe of protection.
A reaper comes into view. It is wielding a +1 scythe of flaming.
The reaper closely misses you. The reaper closely misses you.
You see here an arrow.
You slash the reaper! You claw the reaper.
The reaper is lightly wounded.
The reaper hits you from afar with a +1 scythe of flaming.
* * * LOW HITPOINT WARNING * * *
Your icy envelope dissipates!
You hit the reaper but do no damage. Your kick misses the reaper.
The reaper is lightly wounded.
You hear a shout!
The reaper hits you with a +2 scythe of protection!!
* * * LOW HITPOINT WARNING * * *
The reaper hits you from afar with a +1 scythe of flaming!!
You die...

#≈≈≈....○.......)..^..#
≈≈≈..°.○.....#####....#
....≈○°○.....# #....#
......°○.....# #....#
.....####....### #....#
...≈ #........# #....#
### #2######.# #....#
#.# .# #....# #@# #
#....# #2# #....#
#).§...... #....#
#......... #....#
.......... #....#
...........
..#..####... #......
... #..##.. ..


You could see 2 reapers.

Vanquished Creatures
  Mnoleg (Pan)
  Mara (Vaults:3)
  Sojobo (Vaults:5)
  Boris (Depths:3)
  Frederick (Depths:5)
  Vashnia (Snake:3)
  Saint Roka (Orc:2)
  A pandemonium lord (Pan)
  Geryon (Hell)
  A caustic shrike (Depths:3)
  2 golden dragons
  A bone dragon (Depths:5)
  2 Tzitzimimeh (Pan)
  2 Brimstone Fiends (Pan)
  5 tentacled monstrosities
  An Ice Fiend (Pan)
  5 liches
  3 titans (Vaults:5)
  2 deep elf blademasters (Elf:3)
  A quicksilver dragon (Depths:3)
  5 krakens
  5 sphinxes
  5 ancient champions
  An Executioner (Pan)
  5 shadow dragons (Vaults:5)
  5 storm dragons (Vaults:5)
  Kirke (Lair:4)
  6 tengu reavers
  The ghost of opiumtea the Nimble, a journeyman GnMo of Okawaru (Snake:1)
  A blood saint (Pan)
  Ilsuiw (Shoals:4)
  8 vault wardens
  9 frost giants
  7 fire giants
  10 nagarajas (Snake:4)
  2 iron dragons
  11 deep elf sorcerers
  6 balrugs
  17 cacodemons
  2 warmongers (Pan)
  6 reapers
  Louise (Shoals:2)
  3 ghouls (Crypt:1)
  6 deep elf elementalists
  A draconian annihilator (Depths:5)
  10 ironheart preservers
  6 spriggan defenders
  29 very ugly things
  2 war gargoyles
  5 vampire knights
  2 juggernaut skeletons
  3 deep elf demonologists
  A black draconian (Depths:5)
  15 stone giants
  9 deep elf annihilators
  9 lorocyprocas
  3 black suns (Pan)
  2 dire elephants
  2 red draconians (Depths:5)
  12 spark wasps
  A white draconian (Depths:5)
  8 fire dragons
  2 green deaths (Pan)
  A crystal guardian (Vaults:5)
  12 deep elf death magi
  An eidolon (Crypt:2)
  A quicksilver dragon zombie (Depths:3)
  3 blizzard demons
  Josephine (Orc:2)
  6 deep elf high priests
  4 merfolk javelineers
  13 ettins
  4 great orbs of eyes
  10 merfolk impalers
  8 ogre magi
  35 vault guards
  18 naga warriors
  3 rakshasas
  5 ice dragons
  7 yaktaur captains
  4 spriggan air magi
  A quicksilver dragon skeleton (Hell)
  2 juggernaut simulacra (Pan)
  6 anacondas
  8 hydras
  3 catoblepae
  17 centaur warriors
  2 alligator snapping turtles (Shoals:4)
  4 merfolk aquamancers (Shoals:4)
  3 death knights
  A satyr (Shoals:3)
  7 merfolk avatars
  13 dancing weapons
  38 two-headed ogres
  6 deep troll shamans
  5 tengu warriors
  3 vampire magi
  3 death yaks (Lair:5)
  5 orc high priests
  8 deep troll earth magi
  9 shock serpents
  6 soul eaters
  7 spriggan berserkers
  18 deep elf knights
  A titan zombie (Depths:3)
  21 large abominations
  6 spriggans
  A storm dragon zombie (Vaults:1)
  16 sun demons
  15 naga sharpshooters
  16 hell knights
  5 shadow wraiths
  3 salamander mystics
  35 skeletal warriors
  2 fire crabs (shapeshifter)
  5 iron trolls
  20 sixfirhies
  12 sea snakes
  An infernal demonspawn (Orc:2)
  24 deep trolls
  A golden dragon zombie (Depths:2)
  2 anaconda zombies
  A torturous demonspawn (Orc:2)
  7 naga ritualists
  4 unseen horrors
  9 glowing orange brains
  An entropy weaver zombie (Vaults:1)
  2 kraken simulacra
  2 flayed ghosts
  5 gelid demonspawn
  An obsidian statue (Snake:1)
  An orb spider (shapeshifter) (Vaults:5)
  11 deep elf archers
  24 ironbrand convokers
  2 shadow dragon skeletons
  62 deep elf magi
  13 wizards
  A fire giant zombie (Crypt:1)
  19 necromancers
  An anaconda skeleton (Crypt:2)
  6 phantasmal warriors
  22 harpies
  6 mana vipers
  14 orc knights
  12 orc sorcerers
  2 wolf spider zombies
  4 oklob plants (Lair:6)
  8 fauns
  A cyclops (shapeshifter) (Vaults:5)
  45 ugly things
  8 cyclopes
  An iron dragon skeleton (Hell)
  10 salamanders
  5 wolf spiders
  A manticore (shapeshifter) (Depths:2)
  7 elephants
  14 manticores
  A fire giant skeleton (Crypt:1)
  8 guardian serpents
  6 rust devils
  8 merfolk sirens
  An elephant (shapeshifter) (Vaults:2)
  A stone giant skeleton (Hell)
  19 orange demons
  5 smoke demons (Pan)
  31 black mambas
  2 molten gargoyles
  2 titan simulacra (Crypt:1)
  A gargoyle (D:15)
  4 water nymphs
  18 naga magi
  3 storm dragon simulacra (Crypt:1)
  18 vault sentinels
  15 spiny frogs
  A hellion (Hell)
  A small abomination (Elf:2)
  A komodo dragon (shapeshifter) (Vaults:1)
  3 centaur skeletons
  A rime drake (shapeshifter) (Vaults:1)
  8 demonic crawlers
  A redback zombie (D:13)
  33 yaktaurs
  9 kobold demonologists
  5 rime drakes
  A spriggan skeleton (Depths:2)
  3 anaconda simulacra
  2 efreet (D:15)
  2 tengu conjurers
  24 freezing wraiths
  A white draconian skeleton (Crypt:1)
  2 tormentors (Pan)
  18 komodo dragons
  4 hellwings (Pan)
  11 ice devils
  A human skeleton (Vaults:1)
  3 golden dragon simulacra (IceCv)
  9 red devils
  A death drake zombie (Crypt:2)
  5 polar bears
  3 meliai (D:13)
  A jumping spider (shapeshifter) (Vaults:2)
  14 trolls
  3 hydra zombies (Hell)
  A shadow dragon simulacrum (Crypt:1)
  5 wind drakes
  14 hornets
  32 merfolk
  29 slime creatures
  8 blink frogs
  A fire dragon zombie (Depths:1)
  2 fire giant simulacra (Crypt:1)
  7 dream sheep
  16 hippogriffs
  11 snapping turtles
  An iron dragon simulacrum (Crypt:1)
  3 ice dragon zombies
  2 frost giant simulacra (Crypt:1)
  An ettin skeleton (Hell)
  2 air elementals
  A black mamba zombie (Hell)
  5 flying skulls (Crypt:1)
  2 shadows
  A redback (shapeshifter) (Vaults:3)
  6 dire elephant simulacra
  2 spriggans (shapeshifter)
  A fire dragon skeleton (Hell)
  29 yaks
  2 ynoxinuls (Pan)
  6 wyverns
  19 water elementals
  Eustachio (D:5)
  19 wraiths
  An alligator skeleton (Crypt:1)
  20 chaos spawn (Pan)
  2 hungry ghosts
  12 fire elementals
  A hog (shapeshifter) (Depths:1)
  4 basilisks
  2 death yak simulacra (IceCv)
  18 neqoxecs (Pan)
  A catoblepas simulacrum (Crypt:2)
  78 nagas
  3 harpy simulacra (IceCv)
  10 wargs
  An iron troll simulacrum (IceCv)
  2 acid dragons (D:15)
  A spiny frog zombie (Hell)
  2 swamp worms (shapeshifter)
  8 water moccasins
  6 porcupines
  5 hydra simulacra
  2 sky beasts
  A monstrous demonspawn skeleton (Crypt:1)
  A spiny frog skeleton (Hell)
  2 black bears
  A hornet zombie (D:12)
  2 ice beasts
  4 ice dragon simulacra
  58 orc warriors
  A black mamba simulacrum (Crypt:1)
  A lindwurm zombie (Crypt:1)
  32 ogres
  An alligator simulacrum (Hell)
  2 ettin simulacra
  2 eyes of draining
  A necrophage (D:12)
  5 phantoms
  16 boggarts
  A wolf (Lair:3)
  10 crocodiles
  2 hog zombies (Crypt:1)
  34 centaurs
  10 big kobolds
  A salamander zombie (Crypt:2)
  2 elf zombies
  A yaktaur zombie (Vaults:1)
  4 earth elementals
  A wyvern zombie (D:13)
  12 bullfrogs
  A salamander skeleton (Crypt:2)
  2 scorpions
  A wyvern skeleton (D:9)
  2 swamp dragon simulacra
  An orc simulacrum (Vaults:1)
  An elephant simulacrum (IceCv)
  25 wights
  2 howler monkeys
  3 electric eels
  5 centaur zombies
  7 crimson imps
  A draconian simulacrum (IceCv)
  16 jellies
  6 hounds
  29 orc priests
  2 bullfrog skeletons
  An iron imp (Hell)
  4 iguanas
  19 orc wizards
  10 hell rats (Hell)
  8 worker ants
  4 troll simulacra (IceCv)
  A spriggan simulacrum (IceCv)
  A wolf simulacrum (IceCv)
  3 centaur simulacra
  A dwarf zombie (Crypt:1)
  2 big kobold zombies (Ossuary)
  A felid skeleton (Crypt:2)
  A hound zombie (D:6)
  A hound skeleton (D:4)
  2 mummies (Ossuary)
  A howler monkey zombie (D:6)
  4 worker ant zombies
  15 adders
  8 gnolls
  3 naga simulacra
  3 ogre simulacra (IceCv)
  A swamp drake skeleton (Crypt:2)
  6 shadow imps
  4 white imps (IceCv)
  4 ufetubi (IceCv)
  2 adder skeletons
  An adder zombie (D:5)
  A worm (D:3)
  A barachi skeleton (Crypt:1)
  3 dart slugs
  7 leopard geckos
  125 orcs
  2 bats
  5 giant cockroaches
  6 goblins
  8 hobgoblins
  14 jackals
  6 quokkas
  5 frilled lizards
  2 goblin zombies (Ossuary)
  6 hobgoblin zombies (Ossuary)
  A jackal zombie (Ossuary)
  34 kobolds
  12 kobold zombies (Ossuary)
  11 orc zombies
  A quokka skeleton (D:4)
  A quokka zombie (D:10)
  6 rats
  2 butterflies (Lair:2)
  A crawling corpse (Vaults:5)
  18 fungi
  37 plants
  24 tentacles
2593 creatures vanquished.

Vanquished Creatures (collateral kills)
  Margery (Crypt:1)
  Jory (Vaults:4)
  2 deep elf master archers (Elf:3)
  The ghost of nht the Brawler, a journeyman TrFi of Hepliaklqana (Shoals:1)
  An ironheart preserver (Vaults:2)
  A deep elf elementalist (Vaults:5)
  A stone giant (Depths:2)
  2 very ugly things
  A lorocyproca (Pan)
  A deep elf annihilator (Elf:3)
  A spark wasp (Depths:3)
  3 deep elf death magi
  A merfolk impaler (Shoals:3)
  A yaktaur captain (Vaults:4)
  2 vault guards (Vaults:5)
  2 naga warriors
  2 hydras
  A centaur warrior (Vaults:3)
  A death knight (Vaults:2)
  2 ogre magi
  A two-headed ogre (Vaults:3)
  A deep troll earth mage (Vaults:2)
  A deep troll shaman (Depths:3)
  An orc high priest (Orc:2)
  A hell knight (Vaults:5)
  A skeletal warrior (Hell)
  2 ironbrand convokers
  2 deep trolls
  2 deep elf archers
  An orc knight (Vaults:4)
  A harpy (Vaults:1)
  A necromancer (Crypt:1)
  4 ugly things
  An elephant (Lair:6)
  An orange demon (Pan)
  A freezing wraith (Vaults:4)
  A spiny frog (Lair:2)
  3 yaktaurs
  An ice devil (Pan)
  A yellow draconian skeleton (Crypt:2)
  2 slime creatures (Vaults:2)
  A wind drake (Lair:6)
  A yak (Lair:1)
  A wraith (Vaults:4)
  A basilisk (Lair:4)
  A chaos spawn (Pan)
  Menkaure (D:4)
  2 nagas (Snake:4)
  A warg (Vaults:5)
  2 water moccasins
  2 ogres (D:12)
  4 centaurs
  A crocodile (Lair:1)
  A water moccasin skeleton (D:4)
  4 wights
  A howler monkey (D:4)
  A crimson imp (D:5)
  A quasit (D:9)
  An iron imp (Hell)
  4 orc wizards
  A hell rat (Hell)
  A big kobold zombie (Ossuary)
  2 gnolls (D:4)
  2 orcs
  A kobold (D:11)
96 creatures vanquished.

Vanquished Creatures (others)
  An eldritch tentacle (Pan)
  A vault warden (Vaults:5)
  A stone giant (Depths:5)
  A blizzard demon (IceCv)
  3 ogre magi
  A vault guard (Vaults:5)
  A hell knight (Vaults:5)
  A wizard (Depths:3)
  2 deep elf magi
  An ugly thing (Depths:2)
  A black mamba (Snake:4)
  A merfolk (Shoals:4)
  A flying skull (Crypt:1)
  An orc warrior (Elf:1)
  An ogre (Vaults:5)
  A bush (Lair:3)
  12 fungi
  23 plants
  59 tentacles
  2 withered plants (Elf:1)
115 creatures vanquished.

Grand Total: 2804 creatures vanquished

Notes
Turn   | Place    | Note
-------+----------+-------------------------------------------
     0 | D:1      | graymark the Demonspawn Gladiator began the quest for the
                  | Orb.
     0 | D:1      | Reached XP level 1. HP: 16/16 MP: 1/1
    91 | D:1      | Gained mutation: A weak demonic guardian rushes to your
                  | aid. [demonic ancestry]
    91 | D:1      | Reached XP level 2. HP: 22/22 MP: 2/2
   771 | D:2      | You fall through a shaft!
   808 | D:3      | Gained mutation: You are surrounded by a mild repulsion
                  | field. (EV +2) [demonic ancestry]
   808 | D:3      | Reached XP level 3. HP: 21/28 MP: 3/3
  1021 | D:2      | Found a glowing silver altar of Zin.
  1096 | D:2      | Found a basalt altar of Yredelemnul.
  1151 | D:2      | Found a deep blue altar of Sif Muna.
  1152 | D:2      | Found a bloodstained altar of Trog.
  1153 | D:2      | Found a snail-covered altar of Cheibriados.
  1156 | D:2      | Found a burning altar of Makhleb.
  1156 | D:2      | Found a stormy altar of Qazlal.
  1157 | D:2      | Found a blossoming altar of Fedhas.
  1178 | D:2      | Became a worshipper of Qazlal Stormbringer
  1210 | D:2      | Reached XP level 4. HP: 33/34 MP: 4/4
  2409 | D:3      | Reached skill level 1 in Armour
  2684 | D:4      | Gained mutation: You are surrounded by a moderate repulsion
                  | field. (EV +3) [demonic ancestry]
  2684 | D:4      | Reached XP level 5. HP: 41/41 MP: 5/5
  2795 | D:4      | Found a staircase to the Ecumenical Temple.
  2802 | D:4      | Reached * piety under Qazlal
  2855 | D:4      | Found an ornate altar of the Wu Jian Council.
  2883 | D:4      | Noticed Menkaure
  2891 | D:4      | Killed Menkaure
  2891 | D:4      | Reached XP level 6. HP: 47/47 MP: 6/6
  3092 | D:4      | Found a hazy altar of Hepliaklqana.
  3134 | D:4      | Found a snail-covered altar of Cheibriados.
  3672 | D:5      | Entered Level 5 of the Dungeon
  3806 | D:5      | Noticed Eustachio
  3819 | D:5      | Killed Eustachio
  3819 | D:5      | Gained mutation: You have sharp toenails. [demonic
                  | ancestry]
  3819 | D:5      | Reached XP level 7. HP: 42/54 MP: 7/7
  3917 | D:5      | Found a sparkling altar of Nemelex Xobeh.
  3958 | D:5      | Noticed a hippogriff
  3973 | D:5      | Killed a hippogriff
  4712 | D:6      | Reached XP level 8. HP: 50/61 MP: 8/8
  4972 | D:6      | Reached ** piety under Qazlal
  5001 | D:6      | Reached skill level 5 in Fighting
  5001 | D:6      | Reached skill level 5 in Axes
  5001 | D:6      | Reached skill level 5 in Armour
  5001 | D:6      | Reached skill level 5 in Dodging
  5798 | D:7      | Reached skill level 1 in Invocations
  5886 | D:7      | Reached XP level 9. HP: 42/69 MP: 8/10
  5978 | D:7      | Found a sand-covered staircase.
  6000 | Ossuary  | Entered an ossuary
  6071 | Ossuary  | Reached *** piety under Qazlal
  6331 | D:7      | Found a basalt altar of Yredelemnul.
  6436 | D:7      | Found a basalt altar of Yredelemnul.
  6439 | D:7      | Reached **** piety under Qazlal
  6532 | D:8      | Noticed a two-headed ogre
  6539 | D:8      | Killed a two-headed ogre
  6739 | D:8      | Noticed a two-headed ogre
  6776 | D:8      | Killed a two-headed ogre
  6776 | D:8      | Gained mutation: You have razor-sharp toenails. [demonic
                  | ancestry]
  6776 | D:8      | Reached XP level 10. HP: 57/77 MP: 13/13
  7201 | D:8      | Found an ancient bone altar of Kikubaaqudgha.
  7369 | D:9      | Noticed a two-headed ogre
  7386 | D:9      | Killed a two-headed ogre
  7386 | D:9      | Reached skill level 5 in Invocations
  7690 | D:9      | Got a polished trident
  7691 | D:9      | Identified the +5 trident "Wuos" {pierce, rPois rN+ Int-4
                  | Dex+2} (You found it on level 9 of the Dungeon)
  8168 | D:10     | Entered Level 10 of the Dungeon
  8203 | D:10     | Killed an unseen horror
  8352 | D:10     | Paralysed by a hornet for 1 turns
  8768 | D:10     | Noticed a rakshasa
  8994 | D:10     | Killed a rakshasa
  8994 | D:10     | Reached ***** piety under Qazlal
  8994 | D:10     | Reached XP level 11. HP: 53/85 MP: 14/16
 10079 | D:11     | Noticed an ice dragon
 10085 | D:10     | Upgraded the game from 0.23-a0-8-gb809bb7 to
                  | 0.23-a0-14-g8c9a20f
 10446 | D:11     | Found a staircase to the Lair.
 10466 | D:11     | Killed an ice dragon
 10494 | D:11     | Reached skill level 10 in Armour
 10621 | D:11     | Found the +8 frozen axe "Frostbite" {freezing cloud, *Noise
                  | +Fly rC+}
 10660 | D:11     | Noticed a two-headed ogre
 10665 | D:11     | Killed a two-headed ogre
 10931 | D:11     | Found a runed door.
 10946 | D:11     | Noticed Kuinu's ghost (journeyman DrBe)
 10954 | D:11     | Noticed a spriggan rider
 11390 | Lair:1   | Entered Level 1 of the Lair of Beasts
 11615 | D:12     | Got a transparent long sword {slice}
 11616 | D:12     | Identified the cursed +2 long sword "Eranlot" {slice, rC+
                  | MR+ Str+3 Stlth+} (You took it off an orc warrior on level
                  | 12 of the Dungeon)
 11722 | D:12     | Noticed a cyan ugly thing
 11722 | D:12     | Noticed a skeletal warrior
 11755 | D:12     | Noticed a skeletal warrior
 11756 | D:12     | Killed a cyan ugly thing
 11763 | D:12     | Noticed a skeletal warrior
 11804 | D:12     | Gained mutation: You have claws for feet. [demonic
                  | ancestry]
 11804 | D:12     | Reached XP level 12. HP: 64/94 MP: 6/18
 11971 | D:12     | Found a staircase to the Orcish Mines.
 13548 | Lair:2   | Found a staircase to the Snake Pit.
 13860 | Lair:2   | Got a heavily runed glass ring
 13915 | Lair:2   | Identified the ring "Jellauquo" {rN+++ MP-9 Str+3 Dex-2}
                  | (You found it on level 2 of the Lair of Beasts)
 14166 | Lair:3   | Found a staircase to the Shoals.
 14182 | Lair:3   | Reached skill level 10 in Axes
 14246 | Lair:3   | Reached skill level 10 in Invocations
 14516 | Lair:3   | Noticed a seven-headed hydra
 14533 | Lair:3   | Killed a seven-headed hydra
 14544 | Lair:3   | Reached XP level 13. HP: 68/102 MP: 20/20
 15110 | Lair:4   | Noticed Kirke
 15146 | Lair:4   | Killed Kirke
 15976 | Lair:5   | Reached skill level 10 in Fighting
 17027 | Lair:5   | Found an ornate altar of the Wu Jian Council.
 17422 | Lair:6   | Entered Level 6 of the Lair of Beasts
 17767 | Lair:6   | Noticed a dire elephant
 18360 | Lair:6   | Reached skill level 10 in Dodging
 18388 | Lair:6   | Reached XP level 14. HP: 68/111 MP: 22/22
 18394 | Lair:6   | Found a staircase to the Slime Pits.
 20261 | Orc:1    | Entered Level 1 of the Orcish Mines
 20335 | Orc:1    | Found Nara's Gadget Emporium.
 20430 | Orc:2    | Entered Level 2 of the Orcish Mines
 20434 | Orc:2    | Noticed Josephine
 20445 | Orc:2    | Reached ****** piety under Qazlal
 20448 | Orc:2    | Reached skill level 1 in Shields
 20648 | Orc:2    | Killed Josephine
 21087 | Orc:2    | Found a staircase to the Elven Halls.
 21137 | Orc:1    | Reached skill level 5 in Shields
 21704 | Orc:2    | Noticed Saint Roka
 21762 | Orc:2    | Killed Saint Roka
 22616 | Orc:2    | Found Jaegh's Magic Scroll Shop.
 22887 | Orc:2    | Found Guby's Distillery.
 22896 | Orc:2    | Gained mutation: Your flesh is cold resistant. (rC+)
                  | [demonic ancestry]
 22896 | Orc:2    | Reached XP level 15. HP: 113/118 MP: 24/24
 23207 | Orc:2    | Paralysed by an orc sorcerer for 5 turns
 23478 | Orc:2    | Found Duxzui's Antique Armour Shoppe.
 23478 | Orc:2    | Found a one-way gate leading to the halls of Pandemonium.
 23478 | Orc:2    | Found Kahyza Zimi's Book Emporium.
 23570 | Orc:2    | Bought a smoking cloak for 180 gold pieces
 23580 | Orc:2    | Identified the +0 cloak "Idous" {*Slow rElec rCorr Dex+6}
                  | (You bought it in a shop on level 2 of the Orcish Mines)
 23593 | Orc:2    | Bought a pair of embroidered gloves for 142 gold pieces
 23643 | Orc:2    | Bought a potion of curing for 48 gold pieces
 23643 | Orc:2    | Bought a potion of curing for 48 gold pieces
 23643 | Orc:2    | Bought a potion of might for 64 gold pieces
 23643 | Orc:2    | Bought a potion of might for 64 gold pieces
 23643 | Orc:2    | Bought 2 potions of resistance for 320 gold pieces
 23643 | Orc:2    | Bought a potion of curing for 48 gold pieces
 23643 | Orc:2    | Bought a potion of invisibility for 128 gold pieces
 23649 | Orc:2    | Bought a scroll of teleportation for 39 gold pieces
 23649 | Orc:2    | Bought a scroll of magic mapping for 45 gold pieces
 23827 | Snake:1  | Entered Level 1 of the Snake Pit
 23864 | Snake:1  | Found a runed gate.
 23864 | Snake:1  | Found a runed gate.
 23885 | Snake:1  | Found Woyvoiwk's Jewellery Emporium.
 23930 | Snake:1  | Found a frozen archway.
 23963 | IceCv    | Entered an ice cave
 25203 | IceCv    | Got a pair of jewelled gloves
 25214 | IceCv    | Identified the cursed +0 pair of gloves of Sunlight {rCorr
                  | Dex+4} (You found it in an ice cave)
 25225 | IceCv    | Got a jewelled hat
 25236 | IceCv    | Identified the +0 hat of Gasaet {Str+3} (You found it in an
                  | ice cave)
 25721 | Snake:1  | Found Voamn's Food Emporium.
 25777 | Snake:1  | Found Leqodosi's Armour Emporium.
 25791 | Snake:1  | Bought the cursed +0 ring mail "Earthly Heaven" {rElec
                  | Str+4 Int+4} for 413 gold pieces
 25977 | Snake:1  | Found Hiwup's General Store.
 26053 | Snake:1  | Found Botwaeva's Book Boutique.
 26295 | Snake:1  | Noticed opiumtea's ghost (journeyman GnMo)
 26297 | Snake:1  | Found a runed gate.
 26298 | Snake:1  | Found Goid's Assorted Antiques.
 26300 | Snake:1  | Found an opulent altar of Gozag.
 26300 | Snake:1  | Found Cuxelej's Assorted Antiques.
 26537 | Snake:1  | Found Fugoss's Jewellery Boutique.
 26539 | Snake:1  | Found Vouseam's Gadget Shoppe.
 26540 | Snake:1  | Found Searuz's Jewellery Boutique.
 27662 | Snake:1  | Bought the +0 mask of the Dragon {MR+ Slay+3 SInv} for 434
                  | gold pieces
 27662 | Snake:1  | Found the +0 mask of the Dragon {MR+ Slay+3 SInv}
 28262 | Snake:3  | Reached XP level 16. HP: 82/127 MP: 25/25
 28325 | Snake:3  | Noticed Vashnia
 28364 | Snake:3  | Killed Vashnia
 28755 | Snake:3  | Paralysed by a salamander for 6 turns
 28968 | Snake:2  | Upgraded the game from 0.23-a0-14-g8c9a20f to
                  | 0.23-a0-54-gae6112e
 29195 | Snake:2  | Upgraded the game from 0.23-a0-54-gae6112e to
                  | 0.23-a0-78-gc252fe1
 30043 | Snake:4  | Entered Level 4 of the Snake Pit
 32363 | Snake:4  | Gained mutation: You are surrounded by a strong repulsion
                  | field. (EV +4, RMsl) [demonic ancestry]
 32363 | Snake:4  | Reached XP level 17. HP: 135/135 MP: 27/27
 32404 | Snake:4  | Got a serpentine rune of Zot
 34058 | Snake:1  | Killed opiumtea's ghost
 34668 | Snake:1  | Bought a scorched buckler for 294 gold pieces
 34680 | Snake:1  | Identified the cursed +0 buckler "Niefucup" {Str+4} (You
                  | bought it in a shop on level 1 of the Snake Pit)
 34684 | Snake:1  | Bought a scroll of teleportation for 93 gold pieces
 34776 | Shoals:1 | Entered Level 1 of the Shoals
 34794 | Shoals:1 | Reached skill level 15 in Armour
 35200 | Shoals:1 | Found a runed door.
 35200 | Shoals:1 | Noticed nht's ghost (journeyman TrFi)
 35506 | Shoals:1 | Killed nht's ghost
 36094 | Shoals:2 | Found Pesonoux's Jewellery Boutique.
 36100 | Shoals:2 | Noticed Louise
 36261 | Shoals:2 | Killed Louise
 37040 | Shoals:3 | Noticed a kraken
 37040 | Shoals:3 | Noticed a kraken
 37040 | Shoals:3 | Noticed a kraken
 37040 | Shoals:3 | Noticed a kraken
 37203 | Shoals:2 | Reached skill level 15 in Invocations
 37642 | Shoals:3 | Reached XP level 18. HP: 66/144 MP: 29/29
 38315 | Shoals:3 | Learned a level 1 spell: Summon Butterflies
 39308 | Shoals:4 | Entered Level 4 of the Shoals
 39314 | Shoals:4 | Noticed Ilsuiw
 39820 | Shoals:4 | Killed Ilsuiw
 41051 | Shoals:4 | Got a fine chain mail
 41052 | Shoals:4 | Identified the +8 chain mail of Birdsong {*Drain rC+ Int+9}
                  | (You took it off a merfolk on level 4 of the Shoals)
 41069 | Shoals:4 | Identified the Tome of Blistering Dislocation
 41306 | Shoals:4 | Got a barnacled rune of Zot
 41849 | Shoals:4 | Found Buiny's Armour Emporium.
 41948 | Shoals:4 | Identified the Catalogue of Freezing Shape Shifting
 41999 | Shoals:4 | Identified the Catalogue of Dislocated Heat
 43341 | D:13     | Found a bloodstained altar of Trog.
 44580 | D:14     | Found a gate to the Vaults.
 44695 | D:14     | Found Soesm's Gadget Shoppe.
 45151 | D:15     | Entered Level 15 of the Dungeon
 45224 | D:15     | Gained mutation: Your magical and physical power is
                  | slightly enhanced at high health. [demonic ancestry]
 45224 | D:15     | Reached XP level 19. HP: 152/152 MP: 31/31
 45602 | D:15     | Found a staircase to the Depths.
 46151 | Elf:1    | Entered Level 1 of the Elven Halls
 46612 | Elf:1    | Found a runed gate.
 46612 | Elf:1    | Found a runed gate.
 46612 | Elf:1    | Found a runed gate.
 46613 | Elf:1    | Noticed Tuomeani's ghost (veteran MiBe)
 46613 | Elf:1    | Noticed Kikofin's ghost (journeyman GnCK)
 46614 | Elf:1    | Noticed Kutucsuir's ghost (veteran MiBe)
 46823 | Elf:1    | Identified the +0 pair of gloves "Sel Foit" {+Inv} (You
                  | found it on level 1 of the Elven Halls)
 46977 | Elf:1    | Noticed Zeury's ghost (veteran MiBe)
 47345 | Elf:2    | Reached skill level 15 in Axes
 47661 | Elf:2    | Found a runed gate.
 47662 | Elf:2    | Found a runed gate.
 47665 | Elf:2    | Found a runed gate.
 48060 | Elf:3    | Entered Level 3 of the Elven Halls
 48484 | Elf:3    | Found a runed door.
 48484 | Elf:3    | Found a shimmering altar of Xom.
 48484 | Elf:3    | Noticed Utuikhli's ghost (adept MiFi)
 48688 | Elf:3    | Upgraded the game from 0.23-a0-78-gc252fe1 to
                  | 0.23-a0-79-gaa8cc03
 49622 | Elf:3    | Gained mutation: A demonic guardian rushes to your aid.
                  | [demonic ancestry]
 49622 | Elf:3    | Reached XP level 20. HP: 149/161 MP: 32/32
 49635 | Elf:3    | Identified the amulet of Xom's Entertainment {+Rage Dex+3}
                  | (You took it off a deep elf high priest on level 3 of the
                  | Elven Halls)
 49655 | Elf:3    | Reached skill level 15 in Fighting
 49812 | Elf:3    | Got a translucent silver ring
 49814 | Elf:3    | Identified the ring of Unasisso {rPois rN+ MR+ Dex+3} (You
                  | took it off a deep elf death mage on level 3 of the Elven
                  | Halls)
 49818 | Elf:3    | Got a faintly glowing halberd {chop}
 49819 | Elf:3    | Identified the +8 halberd "Fiafodgh" {chop, *Corrode rF-
                  | rC+++ Dex+5} (You took it off a deep elf death mage on
                  | level 3 of the Elven Halls)
 49886 | Elf:3    | Got a fine war axe {protect}
 49897 | Elf:3    | Identified the +6 war axe of Grandeur {protect, Stlth+}
                  | (You took it off a deep elf knight on level 3 of the Elven
                  | Halls)
 49966 | Elf:3    | Got a scintillating iron ring
 50083 | Elf:3    | Identified the ring "Ihaojil" {rCorr *Drain Str+6 Stlth+}
                  | (You took it off a deep elf blademaster on level 3 of the
                  | Elven Halls)
 50603 | Vaults:1 | Entered Level 1 of the Vaults
 52432 | Vaults:2 | Upgraded the game from 0.23-a0-79-gaa8cc03 to
                  | 0.23-a0-143-g1adec7b
 52846 | Vaults:2 | Gained mutation: Your magical and physical power is
                  | enhanced at high health. [demonic ancestry]
 52846 | Vaults:2 | Reached XP level 21. HP: 170/170 MP: 34/34
 52919 | Vaults:1 | Upgraded the game from 0.23-a0-143-g1adec7b to
                  | 0.23-a0-303-gfcac5de
 53333 | Vaults:2 | Found a staircase to the Crypt.
 53416 | Vaults:2 | Identified the Disquisition on Bewitching Evil Secrets
 53501 | Vaults:2 | Found Wifao's Gadget Shop.
 54020 | Vaults:3 | Identified a scroll of acquirement
 54309 | Vaults:3 | Noticed Mara
 54309 | Vaults:3 | Noticed Mara
 54309 | Vaults:3 | Noticed Mara
 54312 | Vaults:3 | Noticed graymark's illusion
 54316 | Vaults:3 | Killed Mara
 54332 | Vaults:3 | Reached skill level 15 in Dodging
 55356 | Vaults:3 | Upgraded the game from 0.23-a0-303-gfcac5de to
                  | 0.23-a0-451-g1044d4c
 55458 | Vaults:4 | Noticed Jory
 55474 | Vaults:4 | Killed Jory
 57041 | Vaults:5 | Entered Level 5 of the Vaults
 57046 | Vaults:5 | Reached XP level 22. HP: 100/179 MP: 27/35
 57048 | Vaults:5 | Noticed Sojobo
 57090 | Vaults:5 | Noticed a golden dragon
 57104 | Vaults:5 | Killed a golden dragon
 57177 | Vaults:5 | Found Niuj's Distillery.
 57265 | Vaults:5 | Upgraded the game from 0.23-a0-451-g1044d4c to
                  | 0.23-a0-455-ge12115f
 57266 | Vaults:5 | HP: 8/180 [tengu reaver/+1 battleaxe of
                  | electrocution[Sojobo] (18)]
 57289 | Vaults:5 | HP: 2/180 [battlesphere[Sojobo] (19)]
 57885 | Vaults:5 | Killed Sojobo
 58247 | Vaults:5 | Gained mutation: You are immune to freezing clouds.
                  | [demonic ancestry]
 58247 | Vaults:5 | Reached XP level 23. HP: 155/187 MP: 36/36
 58336 | Vaults:5 | Bought 2 potions of heal wounds for 190 gold pieces
 58336 | Vaults:5 | Bought a potion of heal wounds for 95 gold pieces
 58336 | Vaults:5 | Bought a potion of curing for 57 gold pieces
 58336 | Vaults:5 | Bought a potion of curing for 57 gold pieces
 58336 | Vaults:5 | Bought a potion of experience for 950 gold pieces
 58338 | Vaults:5 | Reached XP level 24. HP: 195/195 MP: 36/36
 58369 | Vaults:5 | Bought a potion of haste for 190 gold pieces
 58550 | Vaults:5 | Got a silver rune of Zot
 59254 | Crypt:1  | Entered Level 1 of the Crypt
 59256 | Crypt:1  | Noticed Margery
 59679 | Crypt:1  | Killed Margery
 60096 | Crypt:1  | Identified the +6 flail of Uskayaw's Supremacy {crush,
                  | Int+3}
 60984 | Crypt:2  | Noticed Mennas
 61343 | Depths:1 | Entered Level 1 of the Depths
 61819 | Depths:1 | Found a gateway to Hell.
 62383 | Depths:2 | Gained mutation: Your magical and physical power is greatly
                  | enhanced at high health. [demonic ancestry]
 62383 | Depths:2 | Reached XP level 25. HP: 189/203 MP: 28/37
 63467 | Depths:3 | Upgraded the game from 0.23-a0-455-ge12115f to
                  | 0.23-a0-730-g0b75920
 63901 | Depths:3 | Noticed Boris
 63915 | Depths:3 | Killed Boris
 64374 | Depths:3 | Found a one-way gate to the infinite horrors of the Abyss.
 64972 | Depths:4 | Identified the +0 chain mail "Wasuiwk" {rPois} (You found
                  | it on level 4 of the Depths)
 65654 | Depths:5 | Entered Level 5 of the Depths
 66135 | Depths:5 | Found Elutof's Armour Shop.
 66140 | Depths:5 | Found Aqeirou's Gadget Shop.
 66551 | Depths:5 | Gained mutation: A meltable icy envelope protects you from
                  | harm. (AC +0) [demonic ancestry]
 66551 | Depths:5 | Reached XP level 26. HP: 193/213 MP: 28/37
 66606 | Depths:5 | Found a gateway to a ziggurat.
 66623 | Depths:5 | Noticed Frederick
 66634 | Depths:5 | Killed Frederick
 66808 | Depths:5 | Found a gate to the Realm of Zot.
 67059 | Depths:5 | Upgraded the game from 0.23-a0-730-g0b75920 to
                  | 0.24-a0-201-gf205589
 67062 | Depths:5 | Upgraded the game from 0.24-a0-201-gf205589 to
                  | 0.24-a0-378-g94936e539c
 67103 | Hell     | Entered the Vestibule of Hell
 67103 | Hell     | Noticed Geryon
 68009 | Hell     | Killed Geryon
 68124 | Hell     | Found a gateway to the freezing wastes of Cocytus.
 68208 | Hell     | Found a gateway to the decaying netherworld of Tartarus.
 68266 | Hell     | Found a gateway to the ashen valley of Gehenna.
 68360 | Hell     | Found a gateway to the Iron City of Dis.
 68519 | Pan      | Entered Pandemonium
 68938 | Pan      | Noticed Itoac the pandemonium lord
 69097 | Pan      | Killed Itoac the pandemonium lord
 69950 | Pan      | Entered the realm of Mnoleg.
 70259 | Pan      | Gained mutation: Scrolls take you a little longer to read.
                  | [a neqoxec]
 70310 | Pan      | Gained mutation: You are clumsy. (Dex -2) [a cacodemon]
 70315 | Pan      | Reached skill level 10 in Shields
 70317 | Pan      | Gained mutation: You are dopey. (Int -2) [a neqoxec]
 70333 | Pan      | Gained mutation: You are very clumsy. (Dex -4) [a neqoxec]
 70334 | Pan      | Gained mutation: You are frail. (-10% HP) [a neqoxec]
 70346 | Pan      | Gained mutation: You do not regenerate when monsters are
                  | visible. [a neqoxec]
 70347 | Pan      | Gained mutation: Armour fits poorly on your strangely
                  | shaped body. [a neqoxec]
 70378 | Pan      | Gained mutation: You are very frail. (-20% HP) [a neqoxec]
 70578 | Pan      | Gained mutation: Your spells are a little harder to cast,
                  | but a little more powerful. [a neqoxec]
 70579 | Pan      | Gained mutation: Your magical capacity is low. (-10% MP) [a
                  | neqoxec]
 70808 | Pan      | Noticed Mnoleg
 70827 | Pan      | Killed Mnoleg
 70827 | Pan      | Gained mutation: A powerful demonic guardian rushes to your
                  | aid. [demonic ancestry]
 70827 | Pan      | Reached XP level 27. HP: 127/177 MP: 23/34
 70830 | Pan      | Gained mutation: Your body sometimes deteriorates upon
                  | taking damage. [a cacodemon]
 70833 | Pan      | Gained mutation: Your magical capacity is very low. (-20%
                  | MP) [a cacodemon]
 70835 | Pan      | Gained mutation: Your body often deteriorates upon taking
                  | damage. [a cacodemon]
 71134 | Pan      | Gained mutation: You are very dopey. (Int -4) [a cacodemon]
 71177 | Pan      | Gained mutation: You tend to lose your temper in combat. [a
                  | cacodemon]
 71227 | Pan      | Found an exit through the horrors of the Abyss.
 71390 | Pan      | Gained mutation: You are extremely frail. (-30% HP) [a
                  | cacodemon]
 71393 | Pan      | Gained mutation: You occasionally shout uncontrollably at
                  | your foes. [a cacodemon]
 71396 | Pan      | Gained mutation: Scrolls take you longer to read. [a
                  | neqoxec]
 71480 | Pan      | Got a glowing rune of Zot
 71615 | Pan      | Found a huge runed translucent gate.
 71619 | Pan      | Found a huge runed translucent gate.
 71625 | Pan      | Found a huge runed translucent gate.
 71625 | Pan      | Found a huge runed translucent gate.
 71625 | Pan      | Found a huge runed translucent gate.
 71634 | Pan      | Found a huge runed translucent gate.
 72439 | Pan      | Mangled by a reaper

Levels and vault maps discovered:
D:1:      dpeg_arrival_chambers_temple_mockup, minmay_stone_trees_large
D:2:      grunt_temple_overflow_open, grunt_ministairs_10,
          yredelemnul_altar_generic
D:3:      first_ration, minmay_misc_feat_tiny
D:4:      old_standard_altar, kennysheep_little_box, temple_statues,
          kennysheep_slug_shrine, uniq_menkaure
D:5:      basic_altar, uniq_eustachio
D:7:      enter_ossuary_1, hangedman_feature_mirror
D:8:      lemuel_coloured_pillars_altar
D:11:     minmay_coctagon, grunt_lair_entry_orc_guard_hut,
          ebering_ghost_funeral_grove, grunt_ogre_cave,
          corexii_leaking_fountain, wad_floor_pattern_untrapped
D:12:     kennysheep_orc_monster_closet_entryway
D:13:     basic_altar
D:14:     erik_vaults_2, serial_shops, kennysheep_mini_moat, nicolae_wwwww,
          hangedman_decor_peaks_small
D:15:     hangedman_depths_entry_try_elsewhere_first, minmay_misc_feat_x
Lair:2:   minmay_snake_entry_guardpost_medium, lemuel_fruit_fields,
          lemuel_fruit_fields
Lair:3:   shoals_dummy_entry, st_stairs_8, beast_lair_carwin_7,
          grunt_megastairs_4
Lair:4:   uniq_kirke
Lair:5:   lemuel_centaur_altar, infiniplex_staircase_pool
Lair:6:   gammafunk_lair_ancient_temple, minmay_slime_entry_jelly_boxes,
          serial_bayou_crossing, minmay_lair_oklob_chamber
Shoals:1: ebering_ghost_reflecting_pool
Shoals:2: serial_shops, shop, nicolae_shoals_wave_tunnel, uniq_louise
Shoals:3: nicolae_shoals_kraken_party
Shoals:4: shoals_end_grunt_ice, shoal_ilsuiw, serial_shops, shop
Snake:1:  serial_shops, shop, shop, shop, nicolae_shop_trees,
          nicolae_shop_crystal, ebering_ghost_gozag,
          portal_ice_cave_entry_pillars_four, minmay_shop_grove
Snake:3:  uniq_vashnia
Snake:4:  grunt_snake_rune_spirals, spider_trap, grunt_ministairs_11
Orc:1:    serial_shops, shop
Orc:2:    pf_orc_diabolical, uniq_saint_roka, uniq_josephine
Elf:1:    eino_elf_arrival_shootout, gammafunk_ghost_cemetery
Elf:3:    minmay_elf_hall_statues, ebering_ghost_xom
Vaults:1: nicolae_vaults_little_squares_5, hangedman_vaults_capsules,
          hangedman_vaults_slither, hangedman_vaults_impose,
          grunt_vaults_twisty, vaults_standard_mumra_enter_the_diamond,
          nicolae_vaults_stairing_the_circle, grunt_vaults_hallway_long,
          v_misc_4, nicolae_vaults_shelves_hall
Vaults:2: v_pattern_2, nicolae_vaults_theta, hangedman_vaults_trim, st_check,
          minmay_crypt_entry_simple_box, nicolae_vaults_network_square,
          grunt_vaults_focal, v_rooms_5, v_misc_22,
          nicolae_vaults_yaktaur_gun_rack, ontoclasm_vaults_pinch, serial_shops,
          shop
Vaults:3: grunt_vaults_trifunnel, ontoclasm_vaults_decontamination,
          ontoclasm_vaults_spin, nicolae_vaults_inception_corners,
          vaults_dpeg_cross, nicolae_vaults_network_s, nicolae_vaults_alarming,
          vaults_standard_mumra_x, uniq_mara
Vaults:4: nicolae_vaults_network_quincunx, nicolae_vaults_octagons, v_misc_15,
          nicolae_vaults_network_barrier, nicolae_vaults_diagonal_hallway_6,
          ontoclasm_vaults_ring_square, v_misc_11, hangedman_vaults_locks,
          v_misc_26, vaults_mumra_hex, vaults_dpeg_hooks, uniq_jory
Vaults:5: uniq_sojobo
Crypt:1:  minmay_strange_pillars, st_chilly_death, uniq_margery
Crypt:2:  minmay_skeleton_keep, corexii_hall_statues_u, uniq_mennas
Depths:1: hangedman_decor_clover_reticule, hell_entry, spider_trap,
          lightli_minifort, grunt_megastairs_1
Depths:2: minmay_bloctagon, nicolae_water_bricks, pf_hell_entry_great_geh,
          infiniplex_staircase_zigzag_5
Depths:3: minmay_the_grid_plus, lightli_too_deep, abyss_entry, pan_entry,
          infiniplex_staircase_pillars_2, uniq_boris
Depths:4: minmay_tri_stars, abyss_entry_small_statue_room, pf_coc_iceberg,
          eino_small_chamber_without_monster, infiniplex_staircase_river,
          firewood_loft
Depths:5: evilmike_zot_entry_basic, enter_ziggurat_b, hell_entry,
          corexii_hall_statues_x, minmay_shop_star, uniq_frederick
Hell
Pan:      grunt_pan_frozen_over, layout_gridlike

Skill      XL: |  1  2  3  4  5  6  7  8  9 10 11 12 13 14 15 16 17 18 19 20 21 22 23 24 25 26 27 |
---------------+----------------------------------------------------------------------------------+-----
Axes           | 3 4 5 6 7 8 10 11 12 13 14 15 16 17 18 19 | 19.2
Dodging        | 3 4 5 6 7 8 9 10 11 12 13 14 15 17 18 19 | 19.0
Fighting       | 3 4 5 6 7 8 9 10 11 12 13 14 15 16 17 18 19 | 19.6
Armour         | 1 2 3 4 6 7 9 10 11 13 14 15 16 17 18 19 20 21 22 23 | 23.1
Invocations    | 1 4 6 8 10 11 12 14 15 16 17 18 19 20 21 22 23 | 23.2
Shields        | 7 8 9 10 11 | 11.0
Throwing       | |  1.7

Action                   |  1- 3 |  4- 6 |  7- 9 | 10-12 | 13-15 | 16-18 | 19-21 | 22-24 | 25-27 || total
-------------------------+-------+-------+-------+-------+-------+-------+-------+-------+-------++-------
Melee: War axe           |   119 |   166 |   239 |   535 |  1072 |  1183 |  1197 |   414 |       ||  4925
       Kick              |       |       |    92 |   215 |   442 |   577 |   690 |   525 |   750 ||  3291
       Trident           |       |       |       |    31 |       |       |       |       |       ||    31
       Flail             |       |       |       |    10 |    26 |     4 |     4 |       |       ||    44
       Broad axe         |       |       |       |       |       |     4 |       |   383 |  1256 ||  1643
 Fire: Hunting sling     |       |     9 |     6 |       |       |       |       |       |       ||    15
Throw: Javelin           |       |       |       |       |       |     1 |       |       |       ||     1
 Cast: Summon Butterflie |       |       |       |       |       |     1 |       |       |       ||     1
Invok: Upheaval          |       |       |       |     6 |     8 |    15 |     3 |    11 |    10 ||    53
       Disaster Area     |       |       |       |     1 |     1 |     2 |     1 |     6 |     2 ||    13
       Elemental Force   |       |       |       |       |       |       |       |     1 |       ||     1
Evoke: Wand              |       |     1 |     2 |     4 |    24 |    26 |     2 |     2 |     1 ||    62
       Fan of gales      |       |       |       |     1 |     1 |       |       |       |       ||     2
  Use: Scroll            |     1 |    10 |    14 |     9 |    14 |    17 |    15 |     9 |     5 ||    94
       Potion            |       |     2 |       |     3 |    19 |     7 |       |    19 |     2 ||    52
 Stab: Sleeping          |       |     1 |       |       |       |       |       |       |       ||     1
       Distracted        |       |     1 |     4 |     9 |     7 |    14 |     6 |     6 |    14 ||    61
       Petrified         |       |       |       |       |    11 |       |       |       |       ||    11
       Invisible         |       |       |       |       |     5 |       |       |       |       ||     5
       Petrifying        |       |       |       |       |     4 |       |       |       |       ||     4
  Eat: Chunk             |     1 |     9 |     9 |    22 |    24 |    21 |    38 |     8 |    13 ||   145
       Ration            |       |       |       |     1 |     6 |    10 |       |     3 |     6 ||    26
Armor: Leather armour    |    34 |    37 |    54 |    36 |       |       |       |       |       ||   161
       Skin              |       |     2 |       |       |       |       |       |       |       ||     2
       Troll leather arm |       |       |       |    30 |       |       |       |       |       ||    30
       Ring mail         |       |       |       |    58 |   157 |    35 |       |       |       ||   250
       Scale mail        |       |       |       |     8 |       |       |       |       |       ||     8
       Chain mail        |       |       |       |       |       |   148 |       |       |       ||   148
       Plate armour      |       |       |       |       |       |     4 |   158 |   161 |    81 ||   404
       Gold dragon scale |       |       |       |       |       |       |       |       |   210 ||   210
Dodge: Dodged            |   113 |   157 |   177 |   474 |   638 |   663 |   473 |   480 |   779 ||  3954
       Deflected         |       |       |       |    22 |    27 |    94 |    54 |    15 |    18 ||   230
Block: Other             |       |     5 |    22 |   159 |   125 |       |       |       |       ||   311
       Buckler           |       |       |       |       |   352 |   900 |   580 |   519 |   800 ||  3151

Table legend:
 A = Non-vault XP
 B = Vault XP
 C = Vault XP percentage of total XP
 D = Non-vault monster count
 E = Vault monster count
 F = Vault count percentage of total count
                 A         B        C        D         E       F
            +---------+---------+-------+---------+---------+-------
      Total |  842155 |  585501 |  41.0 |    1994 |     627 |  23.9
            +---------+---------+-------+---------+---------+-------
        D:1 |      35 |       0 |   0.0 |      18 |       0 |   0.0
        D:2 |     101 |       0 |   0.0 |      25 |       0 |   0.0
        D:3 |      45 |       0 |   0.0 |      15 |       0 |   0.0
        D:4 |     366 |       0 |   0.0 |      24 |       0 |   0.0
        D:5 |     816 |       0 |   0.0 |      19 |       0 |   0.0
        D:6 |     628 |       0 |   0.0 |      18 |       0 |   0.0
        D:7 |    1164 |       0 |   0.0 |      31 |       0 |   0.0
        D:8 |    2872 |       0 |   0.0 |      29 |       0 |   0.0
        D:9 |    2423 |       0 |   0.0 |      27 |       0 |   0.0
       D:10 |    5024 |       0 |   0.0 |      41 |       0 |   0.0
       D:11 |    6029 |       0 |   0.0 |      39 |       0 |   0.0
       D:12 |    6508 |       0 |   0.0 |      46 |       0 |   0.0
       D:13 |    8800 |       0 |   0.0 |      48 |       0 |   0.0
       D:14 |   11807 |    7839 |  39.9 |      41 |       8 |  16.3
       D:15 |   10082 |    3616 |  26.4 |      41 |       4 |   8.9
     Lair:1 |    5038 |       0 |   0.0 |      24 |       0 |   0.0
     Lair:2 |    4633 |       0 |   0.0 |      19 |       0 |   0.0
     Lair:3 |    4391 |       0 |   0.0 |      17 |       0 |   0.0
     Lair:4 |    4799 |       0 |   0.0 |       8 |       0 |   0.0
     Lair:5 |   15080 |       0 |   0.0 |      47 |       0 |   0.0
     Lair:6 |   24551 |       0 |   0.0 |      73 |       0 |   0.0
   Shoals:1 |   13637 |    1752 |  11.4 |      25 |       1 |   3.8
   Shoals:2 |   11267 |    4233 |  27.3 |      24 |      10 |  29.4
   Shoals:3 |   15576 |   12145 |  43.8 |      34 |       7 |  17.1
   Shoals:4 |   12326 |   22724 |  64.8 |      22 |      34 |  60.7
    Snake:1 |   13992 |    5205 |  27.1 |      28 |       8 |  22.2
    Snake:2 |    4904 |       0 |   0.0 |      11 |       0 |   0.0
    Snake:3 |   25923 |       0 |   0.0 |      38 |       0 |   0.0
    Snake:4 |   18583 |   54214 |  74.5 |      37 |      97 |  72.4
      Orc:1 |    5577 |       0 |   0.0 |      34 |       0 |   0.0
      Orc:2 |   28412 |       0 |   0.0 |     117 |       0 |   0.0
      Elf:1 |   18757 |    2196 |  10.5 |      39 |       4 |   9.3
      Elf:2 |   22668 |    1799 |   7.4 |      35 |       2 |   5.4
      Elf:3 |   24036 |   40523 |  62.8 |      39 |      28 |  41.8
   Vaults:1 |   19019 |   13818 |  42.1 |      57 |      20 |  26.0
   Vaults:2 |   60210 |   24150 |  28.6 |     100 |      29 |  22.5
   Vaults:3 |   16744 |   16523 |  49.7 |      37 |      15 |  28.8
   Vaults:4 |   17309 |   34007 |  66.3 |      37 |      34 |  47.9
   Vaults:5 |   28039 |  131419 |  82.4 |      42 |      95 |  69.3
    Crypt:1 |   25901 |   22246 |  46.2 |      53 |      46 |  46.5
    Crypt:2 |   16176 |     782 |   4.6 |      20 |       2 |   9.1
   Depths:1 |   32675 |   10092 |  23.6 |      57 |      10 |  14.9
   Depths:2 |   47415 |   14243 |  23.1 |      69 |      17 |  19.8
   Depths:3 |   37927 |   41184 |  52.1 |      41 |      25 |  37.9
   Depths:4 |    9173 |   16691 |  64.5 |      12 |      21 |  63.6
   Depths:5 |   46083 |   27963 |  37.8 |      41 |      15 |  26.8
       Hell |   27578 |   29419 |  51.6 |      52 |      44 |  45.8
        Pan |  118311 |   46718 |  28.3 |     153 |      51 |  25.0
    Ossuary |     314 |       0 |   0.0 |      39 |       0 |   0.0
      IceCv |    8431 |       0 |   0.0 |      51 |       0 |   0.0
            +---------+---------+-------+---------+---------+-------
